AoeStats
← Rodrigo Lao Tse

Arabia

509217272Analyzed
1v1 RM · 6d ago on Sep 25, 2026· 41m 39s· 2 players
Game mode
Random Map
Map size
Tiny (2 player)
Population
200
Speed
Normal
Resources
Standard
Victory
Conquest
Starting age
Dark Age
Ending age
Imperial Age
RankedLock teamsTeams togetherTeam positionsShared explorationLock speedFull tech treeHidden civsTurbo modeCheats
Victory
Defeat
🇯🇵 Berbers · Japan
897
+16
🇨🇱 Britons · Chile
891
-16
Rodrigo Lao Tse
8:50 Loom
10:42 Feudal Age
8:57 Loom
13:40 Fletching
19:21 Double-Bit Axe
21:48 Wheelbarrow
23:00 Horse Collar
30:11 Castle Age
30:20 Pikeman
32:02 Squires
34:35 Bow Saw
teban0721
4:45 Loom
10:03 Feudal Age
16:46 Town Watch
20:01 Wheelbarrow
23:31 Castle Age
21:56 Fletching
22:59 Padded Archer Armor
22:54 Gold Mining
22:47 Horse Collar
23:58 Scale Barding Armor
23:34 Crossbowman
25:16 Bodkin Arrow
26:11 Double-Bit Axe
27:07 Bow Saw
30:26 Stone Mining
30:58 Heavy Plow
31:45 Forging
32:07 Hand Cart
32:32 Bloodlines
33:51 Leather Archer Armor
34:35 Chain Barding Armor
36:24 Iron Casting
36:29 Town Patrol
40:50 Imperial Age
39:02 Thumb Ring
38:17 Elite Skirmisher
39:30 Husbandry
41:43 Bracer
41:05 Cavalier
41:18 Capped Ram
42:21 Conscription
42:46 Crop Rotation
Connection lost

Rejoining the realm…

Still unreachable

The connection could not be restored.

Session expired

The server has moved on; the page needs a fresh start.